 Dungeon Crawl Stone Soup version 0.32-a0-913-g739538afd8 (webtiles) character file.

Game seed: 8573143369721867370

64317 smashvw the Fencer (level 14, -7/138 HPs)
             Began as a Minotaur Monk on Apr 7, 2024.
             Was the Champion of Qazlal.
             Killed from afar by Aizul (10 damage)
             ... with a bolt of poison
             ... on level 1 of the Snake Pit on Apr 8, 2024.
             The game lasted 00:52:26 (19247 turns).

smashvw the Fencer (Minotaur Monk)                 Turns: 19247, Time: 00:52:27

Health: -7/138     AC: 10    Str: 18    XL:     14   Next: 71%
Magic:  17/17      EV: 18    Int:  7    God:    Qazlal [******]
Gold:   2056       SH: 15    Dex: 21    Spells: 13/13 levels left

rFire   + . .        X - +4 demon blade of Omethul {pain, ^Drain Fly rPois Dex+3}
rCold   + . .        d - +1 buckler {reflect}
rNeg    . . .        s - +2 robe {Will+}
rPois   +            (helmet restricted)
rElec   +            y - +0 cloak
rCorr   .            w - +0 pair of gloves
SInv    .            n - +0 pair of boots
Will    ++...        Q - amulet of the acrobat
Stlth   +            g - +5 ring of evasion
HPRegen 0.43/turn    F - ring of Suspected Treachery {rElec rF+ rC+ Dex+2}
MPRegen 0.15/turn

%: repel missiles, reflection, acrobat
@: lethally poisoned (-7 -> -17), about to teleport, protected from physical
damage, flying, constricted
A: horns 2, retaliatory headbutt
a: Renounce Religion, Upheaval, Elemental Force, Disaster Area


You were on level 1 of the Snake Pit.
You worshipped Qazlal.
Qazlal was exalted by your worship.
You visited 5 branches of the dungeon, and saw 20 of its levels.
You also visited: Sewer and Ossuary.

You collected 3168 gold pieces.
You spent 1112 gold pieces at shops.

Inventory:

Hand Weapons
 X - the +4 demon blade of Omethul (weapon) {pain, ^Drain Fly rPois Dex+3}
   (You acquired it on level 10 of the Dungeon)

   Dex+3:     It affects your dexterity (+3).
   rPois:     It protects you from poison.
   Fly:       It grants you flight.
   ^Drain:    It drains your maximum health when unequipped.
 Z - a +2 dagger of electrocution
Missiles
 k - 24 boomerangs
 t - 3 silver javelins (quivered)
 v - 2 atropa-tipped darts
 A - 2 curare-tipped darts
 C - 56 poisoned darts
 T - 5 throwing nets
 Y - 2 javelins
Armour
 d - a +1 buckler of reflection (worn)
 n - a +0 pair of boots (worn)
 s - a +2 robe of willpower (worn)
 w - a +0 pair of gloves (worn)
 y - a +0 cloak (worn)
 S - an orb of energy
Jewellery
 a - a ring of resist corrosion
 g - a +5 ring of evasion (left hand)
 z - a ring of see invisible
 F - the ring of Suspected Treachery (right hand) {rElec rF+ rC+ Dex+2}
   (You bought it in a shop on level 2 of the Orcish Mines)

   [ring of protection from fire]

   Dex+2:     It affects your dexterity (+2).
   rF+:       It protects you from fire.
   rC+:       It protects you from cold.
   rElec:     It insulates you from electricity.
 Q - an amulet of the acrobat (around neck)
Wands
 r - a wand of roots (41)
 B - a wand of paralysis (25)
 G - a wand of flame (69)
 N - a wand of light (14)
 U - a wand of mindburst (3)
 V - a wand of digging (11)
Scrolls
 b - a scroll of butterflies
 f - 14 scrolls of teleportation
 h - 3 scrolls of enchant armour
 i - a scroll of blinking
 l - a scroll of enchant weapon
 m - 2 scrolls of fear
 x - 4 scrolls of fog
 D - a scroll of immolation
 E - 3 scrolls of amnesia
Potions
 c - 2 potions of ambrosia
 e - 3 potions of heal wounds
 j - 9 potions of curing
 o - 3 potions of degeneration
 p - a potion of cancellation
 q - 4 potions of enlightenment
 H - 4 potions of haste
 I - a potion of mutation
 K - 3 potions of brilliance
 L - a potion of magic
 M - 3 potions of berserk rage
 O - a potion of might
 P - 2 potions of resistance
 R - 4 potions of lignification
 W - a potion of invisibility
Miscellaneous
 u - a Gell's gravitambourine (2/2)
 J - a phantom mirror


   Skills:
 + Level 16.5 Fighting
 - Level 20.0 Long Blades
 - Level 5.0 Throwing
 - Level 3.0 Armour
 + Level 16.3 Dodging
 - Level 5.0 Shields
 - Level 6.0 Invocations
 - Level 4.0 Evocations


You had 13 spell levels left.
You didn't know any spells.
Your spell library contained the following spells:

 Spells                   Type           Power      Damage    Failure   Level
 Freeze                   Ice            0%         1d3       50%         1
 Summon Small Mammal      Summ           0%         N/A       50%         1
 Call Imp                 Summ           0%         N/A       65%         2
 Ensorcelled Hibernation  Hex/Ice        0%         N/A       65%         2
 Scorch                   Fire           0%         2d5       65%         2
 Sublimation of Blood     Necr           0%         N/A       65%         2
 Call Canine Familiar     Summ           0%         N/A       86%         3
 Frozen Ramparts          Ice            0%         1d1       86%         3
 Fugue of the Fallen      Necr           0%         N/A       86%         3
 Hailstorm                Conj/Ice       0%         3d5       86%         3
 Passwall                 Erth           0%         N/A       86%         3
 Sigil of Binding         Hex            0%         N/A       86%         3
 Swiftness                Air            0%         N/A       86%         3
 Anguish                  Hex/Necr       0%         N/A       99%         4
 Animate Armour           Summ/Erth      0%         N/A       99%         4
 Dimensional Bullseye     Hex/Tloc       0%         N/A       99%         4
 Flame Wave               Conj/Fire      0%         2d4       99%         4
 Summon Blazeheart Golem  Fire/Summ      0%         N/A       99%         4
 Summon Lightning Spire   Summ/Air       0%         N/A       99%         4
 Lee's Rapid Deconstruct  Erth           0%         3d4*      100%        5
 Summon Cactus Giant      Summ           0%         N/A       100%        6
 Summon Hydra             Summ           0%         N/A       100%        7


Dungeon Overview and Level Annotations

Branches:
Dungeon (12/15)            Temple (1/1) D:5            Lair (4/5) D:11
  Swamp (0/4) Lair:2        Snake (1/4) Lair:2        Slime (0/5) Lair:4
    Orc (2/2) D:12            Elf (0/3) Orc:2         Sewer (visited)
Ossuary (visited)

Altars:
Ashenzari
Cheibriados
Dithmenos
Elyvilon
Fedhas
Gozag
Hepliaklqana
Kikubaaqudgha
Makhleb
Nemelex Xobeh
Okawaru
Qazlal
Ru
Sif Muna
Trog
Uskayaw
Vehumet
Wu Jian
Xom
Yredelemnul
Zin
The Shining One
Beogh
Jiyva

Shops:
D:3 *   D:5 :   D:7 (   Orc:1 *   Orc:2 =*[*

Annotations:
D:9 3 transporters
D:11 2 transporters, Rohain's ghost, journeyman GnWr
Lair:4 2 transporters
Snake:1 Aizul


Innate Abilities, Weirdness & Mutations

You have a pair of horns on your head.
You reflexively headbutt those who attack you in melee.


Message History

You fail to use your ability.
You block the naga warrior's attack. The naga warrior constricts you!
Aizul hits you!
You feel protected from physical attacks.
Okay, then.
As you read the scroll of teleportation, it crumbles to dust.
You feel strangely unstable.
Aizul coils herself and waves her upper body at you.
The bolt of poison is repelled.
The naga warrior spits poison at you.
Your +1 buckler of reflection blocks the splash of poison... and reflects it back!
The splash of poison hits the naga warrior.
The naga warrior is poisoned.
The naga warrior constricts you.
The naga warrior's grasp on you weakens, but your attempt to escape fails.
Aizul casts a spell at you. The poison arrow hits you!!
You are poisoned.
You partially resist.
* * * LOW HITPOINT WARNING * * *
You block the naga warrior's attack. The naga warrior constricts you.
* * * LOW HITPOINT WARNING * * *
Aizul casts a spell at you.
The bolt of poison is repelled.
The naga warrior's grasp on you weakens, but your attempt to escape fails.
You feel very sick. You block the naga warrior's attack.
The naga warrior constricts you!
* * * LOW HITPOINT WARNING * * *
Aizul hits you!
* * * LOW HITPOINT WARNING * * *
You feel more protected from physical attacks.
The naga warrior roars a battlecry!
The naga warriors go into a battle-frenzy!
You feel much better.
You feel very sick. Aizul hits you!
* * * LOW HITPOINT WARNING * * *
You block the naga warrior's attack. The naga warrior constricts you.
* * * LOW HITPOINT WARNING * * *
Aizul coils herself and waves her upper body at you.
The bolt of poison hits you! You resist.
You die...

###########
#.........#
#.........#
#.........#
#......○..#
#...N○○§..# #@.#
#SS# #§§#
#####N.##
......N.<#
..........?....#
...........###.#
...........#
..........^#


You could see Aizul, 3 naga warriors and a black mamba.

Vanquished Creatures
  An orc warlord (Orc:1)
  Azrael (D:12)
  Josephine (D:12)
  An ogre mage (Orc:2)
  6 hydras
  Erolcha (D:9)
  4 boulder beetles
  4 two-headed ogres
  2 centaur warriors (D:11)
  3 tengu warriors
  3 orc high priests (Orc:2)
  A skyshark (Lair:2)
  2 oklob plants (D:11)
  5 orc knights (Orc:2)
  4 cyclopes
  3 manticores
  5 orc sorcerers
  3 ugly things
  8 elephants
  A black mamba (Lair:1)
  A kobold blastminer (Orc:2)
  A torpor snail (Lair:3)
  2 unseen horrors (D:11)
  2 gargoyles (D:11)
  8 cane toads
  Jeremiah (D:8)
  An efreet (D:11)
  4 rime drakes
  2 kobold demonologists
  12 komodo dragons
  6 trolls
  A polar bear (Lair:4)
  A queen bee (shapeshifter) (D:11)
  A tarantella (shapeshifter) (D:11)
  2 hornets
  11 blink frogs
  Sigmund (D:2)
  2 shadows
  39 yaks
  3 wyverns
  4 wraiths (D:12)
  Eustachio (D:4)
  3 basilisks
  5 fire elementals (D:12)
  2 steam dragons
  A warg (Orc:2)
  7 vampire mosquitoes
  3 nagas (Lair:2)
  11 water moccasins
  3 acid dragons
  2 hell hounds (D:12)
  23 orc warriors
  A black bear (D:4)
  3 ice beasts
  9 ogres
  2 crocodiles (Sewer)
  9 wolves
  2 centaurs
  3 phantoms
  4 kobold brigands
  14 bullfrogs
  2 gnoll sergeants
  3 scorpions
  3 water moccasin zombies (Ossuary)
  A burial acolyte (Ossuary)
  16 wights
  8 jellies
  7 killer bees
  4 electric eels (Lair:2)
  3 bombardier beetles
  3 howler monkeys
  14 orc priests
  A hound (D:6)
  A scrub nettle (Lair:2)
  Jessica (D:3)
  3 gnoll boudas
  An iguana (D:7)
  Terence (D:2)
  2 sleepcaps
  Natasha (thrice) (D:2)
  15 orc wizards
  A sickly merfolk siren (Sewer)
  6 hell rats
  A malarious merfolk avatar (Sewer)
  A bullfrog simulacrum (Ossuary)
  2 crocodile zombies (Ossuary)
  2 mummies (Ossuary)
  7 adders
  26 gnolls
  3 river rats (Sewer)
  A shadow imp (D:8)
  2 ufetubi (D:5)
  6 adder zombies (Ossuary)
  3 dart slugs
  2 ribbon worms
  63 orcs
  8 endoplasms
  7 giant cockroaches
  11 gnoll zombies (Ossuary)
  7 goblins
  6 hobgoblins
  2 jackals (D:4)
  5 quokkas
  12 ball pythons
  3 bats (D:1)
  7 frilled lizards
  3 jackal zombies (Ossuary)
  15 kobolds
  3 orc zombies (Ossuary)
  26 rats
605 creatures vanquished.

Vanquished Creatures (collateral kills)
  A boulder beetle (D:11)
  A raiju (shapeshifter) (D:11)
  A basilisk (D:11)
  A kobold brigand (D:11)
4 creatures vanquished.

Vanquished Creatures (others)
  A kobold brigand (D:12)
  An orc wizard (Orc:2)
  4 orcs
6 creatures vanquished.

Grand Total: 615 creatures vanquished

Notes
Turn   | Place    | Note
-------+----------+-------------------------------------------
     0 | D:1      | smashvw the Minotaur Monk began the quest for the Orb.
     0 | D:1      | Reached XP level 1. HP: 19/19 MP: 0/0
   285 | D:1      | Reached XP level 2. HP: 25/27 MP: 1/1
   371 | D:1      | Reached skill level 4 in Long Blades
   919 | D:2      | Reached XP level 3. HP: 23/33 MP: 2/2
   996 | D:2      | Noticed Sigmund
  1021 | D:2      | Killed Sigmund
  1022 | D:2      | Reached skill level 5 in Fighting
  1022 | D:2      | Reached skill level 5 in Long Blades
  1022 | D:2      | Reached XP level 4. HP: 32/42 MP: 3/3
  1022 | D:2      | Reached XP level 5. HP: 36/48 MP: 4/4
  1374 | D:2      | Noticed Terence
  1382 | D:2      | Killed Terence
  1405 | D:2      | Noticed Natasha
  1412 | D:2      | Killed Natasha
  1413 | D:2      | Reached skill level 5 in Dodging
  1685 | D:2      | Noticed Natasha
  1690 | D:2      | Killed Natasha
  1691 | D:2      | Reached skill level 6 in Long Blades
  1691 | D:2      | Reached XP level 6. HP: 56/56 MP: 5/5
  1941 | D:2      | Noticed Natasha
  1944 | D:2      | Killed Natasha
  1965 | D:3      | Noticed Jessica
  1974 | D:3      | Killed Jessica
  2112 | D:3      | Found a burning altar of Makhleb.
  2238 | D:3      | Found Hetoph Nonig's Assorted Antiques.
  2304 | D:3      | Found a glowing drain.
  2307 | Sewer    | Entered a sewer
  2457 | Sewer    | Reached skill level 7 in Long Blades
  2457 | Sewer    | Reached XP level 7. HP: 60/61 MP: 6/6
  3014 | D:4      | Reached skill level 8 in Long Blades
  3173 | D:4      | Reached skill level 9 in Long Blades
  3208 | D:4      | Reached XP level 8. HP: 64/68 MP: 7/7
  3392 | D:4      | Reached skill level 10 in Long Blades
  3456 | D:4      | Noticed Eustachio
  3468 | D:4      | Killed Eustachio
  3472 | D:4      | Found an iron altar of Okawaru.
  3604 | D:4      | Reached skill level 11 in Long Blades
  3780 | D:5      | Entered Level 5 of the Dungeon
  3897 | D:5      | Found a staircase to the Ecumenical Temple.
  3909 | Temple   | Entered the Ecumenical Temple
  3909 | Temple   | Noticed an ice devil
  3909 | Temple   | Noticed a Hell Sentinel
  3910 | Temple   | Noticed a sun demon
  3910 | Temple   | Noticed Itiguedu the pandemonium lord
  3910 | Temple   | Noticed Fammod the pandemonium lord
  3911 | Temple   | Noticed a cacodemon
  3933 | Temple   | Became a worshipper of Qazlal Stormbringer
  3933 | Temple   | Reached * piety under Qazlal
  3933 | Temple   | Reached ** piety under Qazlal
  3991 | D:5      | Reached skill level 12 in Long Blades
  4009 | D:5      | Found Mytsauri's Self-Published Books.
  4049 | D:5      | Found a radiant altar of Vehumet.
  4256 | D:5      | Reached XP level 9. HP: 66/74 MP: 8/8
  4324 | D:5      | Found a shadowy altar of Dithmenos.
  4402 | D:3      | Bought a runed ivory ring for 80 gold pieces
  4592 | D:6      | Found a sand-covered staircase.
  4600 | Ossuary  | Entered an ossuary
  4641 | Ossuary  | Reached skill level 13 in Long Blades
  4744 | Ossuary  | Reached *** piety under Qazlal
  4847 | D:6      | Reached skill level 10 in Dodging
  4880 | D:6      | Reached skill level 1 in Invocations
  4888 | D:6      | Reached skill level 1 in Evocations
  5121 | D:6      | Reached skill level 14 in Long Blades
  6224 | D:7      | Found Plog's Weapon Shoppe.
  6359 | D:8      | Reached skill level 1 in Shields
  6359 | D:8      | Reached XP level 10. HP: 68/81 MP: 12/12
  6366 | D:8      | Reached **** piety under Qazlal
  6378 | D:8      | Noticed Jeremiah
  6387 | D:8      | Killed Jeremiah
  6693 | D:8      | Noticed a tengu warrior
  6693 | D:8      | Noticed a deep elf pyromancer
  6703 | D:8      | Reached skill level 5 in Invocations
  6711 | D:8      | Killed a tengu warrior
  6910 | D:8      | Noticed a purple ugly thing
  6921 | D:8      | Killed a purple ugly thing
  7294 | D:8      | Noticed a two-headed ogre
  7308 | D:8      | Killed a two-headed ogre
  7309 | D:8      | Reached skill level 5 in Shields
  7451 | D:9      | Noticed Erolcha
  7502 | D:9      | Reached skill level 1 in Armour
  7561 | D:9      | Killed Erolcha
  7771 | D:9      | Found a transporter.
  7774 | D:9      | Found a transporter.
  7917 | D:9      | Reached XP level 11. HP: 97/97 MP: 14/14
  7920 | D:9      | Found an ancient bone altar of Kikubaaqudgha.
  7920 | D:9      | Noticed a two-headed ogre
  7922 | D:9      | Found a sacrificial altar of Ru.
  8074 | D:9      | Found a transporter.
  8156 | D:9      | Reached skill level 10 in Fighting
  8158 | D:9      | Found a transporter.
  8218 | D:9      | Killed a two-headed ogre
  8513 | D:10     | Entered Level 10 of the Dungeon
  8524 | D:10     | Reached skill level 15 in Long Blades
  8814 | D:10     | Reached skill level 16 in Long Blades
  9267 | D:10     | Found a bloodstained altar of Trog.
  9268 | D:10     | Identified a scroll of acquirement
  9268 | D:10     | Acquired the +4 demon blade of Omethul {pain, ^Drain Fly
                  | rPois Dex+3}
  9752 | D:10     | Reached ***** piety under Qazlal
  9822 | D:11     | Reached skill level 17 in Long Blades
  9840 | D:11     | Noticed an oklob plant
  9841 | D:11     | Found a staircase to the Lair.
  9844 | D:11     | Noticed an oklob plant
 10008 | D:11     | Found a transporter.
 10012 | D:11     | Noticed Rohain's ghost (journeyman GnWr)
 10018 | D:11     | Noticed a centaur warrior
 10018 | D:11     | Noticed a boulder beetle
 10025 | D:11     | Found a transporter.
 10080 | D:11     | Found a sparkling altar of Nemelex Xobeh.
 10156 | D:11     | Noticed a harpy
 10156 | D:11     | Noticed a tengu warrior
 10156 | D:11     | Noticed a seven-headed hydra
 10160 | D:11     | Noticed a centaur warrior
 10166 | D:11     | Noticed a two-headed ogre
 10174 | D:11     | Killed a two-headed ogre
 10426 | D:11     | Noticed a boulder beetle
 10441 | D:11     | Killed a tengu warrior
 10821 | D:11     | Killed a centaur warrior
 10822 | D:11     | Reached XP level 12. HP: 106/106 MP: 15/15
 10855 | D:11     | Noticed a boulder beetle
 10873 | D:11     | Killed a boulder beetle
 10881 | D:11     | Noticed a two-headed ogre
 10888 | D:11     | Killed a two-headed ogre
 10926 | D:11     | Noticed a boulder beetle
 10937 | D:11     | Killed a boulder beetle
 10956 | D:11     | Noticed a tengu warrior
 10966 | D:11     | Noticed a boulder beetle
 10993 | D:11     | Reached skill level 15 in Dodging
 11013 | D:11     | Killed a tengu warrior
 11027 | D:11     | Noticed a centaur warrior
 11030 | D:11     | Killed a centaur warrior
 11341 | D:11     | Killed a 14-headed hydra
 11363 | D:11     | Reached skill level 18 in Long Blades
 11514 | D:11     | Killed a boulder beetle
 11671 | D:11     | Killed a boulder beetle
 12307 | D:11     | Reached XP level 13. HP: 117/117 MP: 16/16
 12409 | Lair:1   | Entered Level 1 of the Lair of Beasts
 13170 | Lair:1   | Reached skill level 1 in Throwing
 13321 | Lair:2   | Reached skill level 19 in Long Blades
 13533 | Lair:2   | Found a staircase to the Swamp.
 14501 | Lair:2   | Found a staircase to the Snake Pit.
 15005 | Lair:3   | Reached skill level 5 in Throwing
 15055 | Lair:3   | Reached ****** piety under Qazlal
 15610 | Lair:4   | Found a transporter.
 15699 | Lair:4   | Found a staircase to the Slime Pits.
 15733 | Lair:4   | Reached XP level 14. HP: 120/132 MP: 17/17
 15814 | Lair:4   | Reached skill level 20 in Long Blades
 15939 | Lair:4   | Found a transporter.
 16252 | Lair:4   | Found a viscous altar of Jiyva.
 16731 | D:12     | Reached skill level 15 in Fighting
 16869 | D:12     | Noticed Azrael
 16887 | D:12     | Killed Azrael
 17008 | D:12     | Noticed Josephine
 17024 | D:12     | Killed Josephine
 17374 | D:12     | Found a staircase to the Orcish Mines.
 17530 | Orc:1    | Entered Level 1 of the Orcish Mines
 17552 | Orc:1    | Paralysed by an orc sorcerer for 2 turns
 17554 | Orc:1    | Noticed an orc warlord
 17607 | Orc:1    | Killed an orc warlord
 17809 | Orc:1    | Found Ciezuhig's CLEARANCE SALE!.
 17817 | Orc:1    | Bought a Gell's gravitambourine (2/2) for 120 gold pieces
 17817 | Orc:1    | Bought a phantom mirror for 120 gold pieces
 17827 | Orc:1    | Found a roughly hewn altar of Beogh.
 18038 | Orc:2    | Entered Level 2 of the Orcish Mines
 18714 | Orc:2    | Found a staircase to the Elven Halls.
 18855 | Orc:2    | Found Jetopsokh's Jewellery Emporium.
 18855 | Orc:2    | Found Nixoqet's General Store.
 18861 | Orc:2    | Found Zimuxit's General Store.
 18861 | Orc:2    | Found Jiacebocw's Antique Armour Shop.
 18867 | Orc:2    | Bought the ring of Suspected Treachery {rElec rF+ rC+
                  | Dex+2} for 702 gold pieces
 18881 | Orc:2    | Bought a scroll of teleportation for 45 gold pieces
 18881 | Orc:2    | Bought a scroll of teleportation for 45 gold pieces
 19233 | Snake:1  | Entered Level 1 of the Snake Pit
 19240 | Snake:1  | Identified the serpent talisman "Pessesoh" {Str+6 Dex+3}
 19240 | Snake:1  | Noticed Aizul
 19246 | Snake:1  | HP: 4/138 [Aizul (12)]
 19247 | Snake:1  | Killed from afar by Aizul

Illustrated notes

Levels and vault maps discovered:
D:1:      roderic_dead_forest, layout_basic, minmay_octomino_c4
D:2:      layout_basic, dreamdust_wishing_well, kennysheep_cross_room,
          minmay_tripent, uniq_terence, uniq_sigmund, uniq_natasha
D:3:      layout_rooms, old_standard_altar,
          mainiacjoe_sewer_entry_somewhere_in_here_1, serial_shops,
          nicolae_shop_gibbet_a_chance, chequers_jeans, minmay_bisected,
          uniq_jessica
D:4:      layout_gridville, okawaru_gym_becter, serial_bayou,
          serial_bayou_pond_c, serial_bayou_pond_d, serial_bayou_shore_b,
          serial_bayou_shore_a, kennysheep_generic_room_16, uniq_eustachio
D:5:      layout_basic, nicolae_dithmenos_through_a_glass_darkly,
          vehumet_altar_wand_db, minmay_temple_entry_glassed_door,
          nicolae_custom_books
D:6:      kennysheep_spiral_hall, layout_rooms, chequers_ossuary_entry_cave
D:7:      layout_basic, serial_shops, nicolae_square_shop
D:8:      wad_arrow_thing, layout_cave_pools, minmay_tree_intersection,
          uniq_jeremiah
D:9:      layout_basic, jmf_multi_god_temple, nicolae_transporter_circle,
          uniq_erolcha
D:10:     layout_irregular_city, trog_three_pillars_becter,
          serial_co_window_serial, co_window_paths_a, co_window_corner_a,
          co_window_paths_a, co_window_paths_a, co_window_paths_a,
          co_window_cross_1, co_window_paths_a, co_window_2corner,
          co_window_unsneaky_path_c, co_window_broadway_c, co_window_corner_ca,
          co_window_corner_cb, glass_columns_c, glass_columns_b,
          glass_columns_b, glass_columns_a, glass_columns_a
D:11:     minmay_the_grid_square_5x5_4x4_mashed
          [minmay_the_grid_square_5x5_lines, minmay_the_grid_square_5x5_empty,
          minmay_the_grid_square_5x5_plus, minmay_the_grid_square_5x5_percent,
          minmay_the_grid_square_5x5_bite,
          minmay_the_grid_square_5x5_prize_junk,
          minmay_the_grid_square_5x5_prize_waves,
          minmay_the_grid_square_5x5_pentomino_r,
          minmay_the_grid_square_5x5_n_small,
          minmay_the_grid_square_5x5_prize_itemx,
          minmay_the_grid_square_5x5_prize_gold,
          minmay_the_grid_square_5x5_spiral,
          minmay_the_grid_square_5x5_half_checkered,
          minmay_the_grid_square_5x5_gyroscope,
          minmay_the_grid_square_5x5_shrine1,
          minmay_the_grid_square_5x5_almost_minimal], layout_irregular_city,
          dpeg_oklobed_lair, nzn_ghost_randoct,
          nemelex_xobeh_ov_fountains_minmay
D:12:     layout_small_grid, orc_0_dummy, moated_statue, uniq_azrael,
          uniq_josephine
Temple:   nicolae_temple_panitentiary
Lair:1:   layout_chaotic_city
Lair:2:   wad_woods_structure_01, layout_regular_city, minmay_swamp_entry_eels,
          nicolae_snake_entry_squirm, evilmike_ambush
          [evilmike_ambush_outer_basic, evilmike_ambush_inner_basic]
Lair:3:   layout_long_grid
Lair:4:   gammafunk_cloud_chamber, layout_regular_city,
          nicolae_slime_entry_field_trip, infiniplex_staircase_pool
Snake:1:  gammafunk_sealed_library, layout_rooms, serial_bayou_crossing,
          uniq_aizul, uniq_agnes
Orc:1:    layout_diamond_mine, basic_altar, nicolae_orc_flooded_monolith,
          nicolae_shop_clearance
Orc:2:    grunt_orc_tribal_feast, layout_diamond_mine, lightli_orcish_oven

Skill      XL: |  1  2  3  4  5  6  7  8  9 10 11 12 13 14 |
---------------+-------------------------------------------+-----
Fighting       | 4 5 9 10 11 14 16 | 16.5
Long Blades    | 4 5 6 7 9 12 14 17 18 19 20 | 20.0
Dodging        | 4 5 6 7 9 10 13 15 16 | 16.3
Invocations    | 4 6 |  6.0
Evocations     | 3 4 |  4.0
Shields        | 1 5 |  5.0
Armour         | 3 |  3.0
Throwing       | 5 |  5.0

Action                     |  1- 3 |  4- 6 |  7- 9 | 10-12 | 13-15 || total
---------------------------+-------+-------+-------+-------+-------++-------
  Melee: Falchion          |    37 |       |       |       |       ||    37
         Headbutt          |    10 |    19 |    95 |   169 |   193 ||   486
         Long sword        |    22 |    86 |   388 |   304 |       ||   800
         Demon blade       |       |       |       |   268 |   730 ||   998
  Throw: Dart              |       |       |       |       |    12 ||    12
         Javelin           |       |       |       |       |     3 ||     3
 Invoke: Elemental Force   |       |       |       |     3 |       ||     3
         Upheaval          |       |       |       |     1 |       ||     1
         Disaster Area     |       |       |       |       |     1 ||     1
  Evoke: Wand              |       |       |       |       |    10 ||    10
    Use: Scroll            |     1 |       |    13 |    10 |    12 ||    36
         Potion            |     1 |       |       |     3 |     2 ||     6
 Armour: Robe              |    29 |    56 |   133 |   155 |   170 ||   543
  Dodge: Dodged            |    40 |    53 |   240 |   326 |   410 ||  1069
         Repelled          |       |       |       |    15 |    19 ||    34
  Block: Buckler           |       |       |    29 |   251 |   363 ||   643
         Reflection        |       |       |       |    10 |    16 ||    26

Table legend: (Time is in decaauts)
 A = Elapsed time spent in this place.
 B = Non-inter-level travel time spent in this place.
 C = Inter-level travel time spent in this place.
 D = Time resting spent in this place.
 E = Time spent auto-exploring this place.
 F = Levels seen in this place.
 G = Mean time per level.
                   A        B        C        D        E       F      G
               +--------+--------+--------+--------+--------+-----+--------+
         Total |  18835 |  17500 |   1335 |   1364 |  12902 |  22 |  856.1 |
       Dungeon |  12510 |  11444 |   1066 |    876 |   8515 |  12 | 1042.5 |
        Temple |     40 |     25 |     15 |      0 |      0 |   1 |   40.0 |
          Lair |   4182 |   4002 |    180 |    199 |   3190 |   4 | 1045.5 |
     Snake Pit |     11 |     11 |      0 |      0 |      0 |   1 |   11.0 |
  Orcish Mines |   1535 |   1462 |     73 |    289 |    865 |   2 |  767.5 |
         Sewer |    352 |    352 |      0 |      0 |    219 |   1 |  352.0 |
       Ossuary |    201 |    201 |      0 |      0 |    113 |   1 |  201.0 |
               +--------+--------+--------+--------+--------+-----+--------+

Top non-repeatable levels by time:
    D:11: 2097 daAuts
  Lair:2: 1528 daAuts
    D:10: 1419 daAuts
     D:2: 1163 daAuts
     D:8: 1133 daAuts
     D:9: 1039 daAuts
   Orc:2: 995 daAuts
  Lair:4: 969 daAuts
  Lair:1: 883 daAuts
     D:4: 880 daAuts
     D:6: 875 daAuts
     D:1: 858 daAuts
    D:12: 818 daAuts
  Lair:3: 801 daAuts
     D:7: 774 daAuts
